 Dungeon Crawl Stone Soup version 0.32-a0-871-ge202e49faa (webtiles) character file.

Game seed: 9254790973748728827

5 kae the Slasher (level 1, 0/16 HPs)
             Began as a Coglin Gladiator on Mar 29, 2024.
             Slain by a hobgoblin (4 damage)
             ... on level 1 of the Dungeon.
             The game lasted 00:00:06 (49 turns).

kae the Slasher (Coglin Gladiator)                    Turns: 49, Time: 00:00:06

Health: 0/16       AC:  4    Str: 14    XL:     1   Next: 80%
Magic:  1/1        EV: 11    Int:  7    God:
Gold:   7          SH:  0    Dex: 15    Spells: 0/0 levels left

rFire   . . .        a - +0 long sword {Lufti}
rCold   . . .        f - +0 dagger {Bunsong}
rNeg    . . .        b - +0 leather armour
rPois   .            c - +0 helmet
rElec   .            (no cloak)
rCorr   .            (no gloves)
SInv    .            (no boots)
Will    .....        (amulet unavailable)
Stlth   +            (ring unavailable)
HPRegen 0.22/turn    (ring unavailable)
MPRegen 0.07/turn    (no gizmo)

%: no passive effects
@: revved
A: off-hand wielding, slow wielding, warmup strikes, no jewellery
a: Invent Gizmo


You were on level 1 of the Dungeon.
You visited 1 branch of the dungeon, and saw 1 of its levels.

You collected 7 gold pieces.


Innate Abilities, Weirdness & Mutations

You can wield a second weapon in your off-hand.
It takes a long time for you to wield or remove held weapons.
Your first few attacks do less damage.
You cannot equip rings or amulets.


   Skills:
 - Level 2.0 Fighting
 + Level 3.4 Long Blades
 - Level 1.7 Throwing
 - Level 2.6 Dodging


You couldn't memorise any spells.
You didn't know any spells.
Your spell library was empty.

Inventory:

Hand Weapons
 a - a +0 long sword (weapon) {Lufti}
 f - a +0 dagger (offhand) {Bunsong}
Missiles
 d - 3 throwing nets (quivered) {=f!f}
 e - a javelin
Armour
 b - a +0 leather armour (worn)
 c - a +0 helmet (worn)

Dungeon Overview and Level Annotations

Branches:
Dungeon (1/15) Zot: 5949

Altars:

#.##'''##.# #
#.#.....#.### #.
#.#.....#.... ####.##
#.#..<..#..#. .......
##.#.....#..#.
.......#####..##+++##..#.
....>.........#........#.
........#####.###....#.#.
.!.....b@g.†.......#.#.#.
.........#..#.#....#.#.#.
.........#..#.#....#.#.#.
###......#.##.#.####.#.#
#.#.#.......#.. ..#.# #
#.#...####### ###
........ #.##....#. #.
#......g


You could see a hobgoblin and a bat.


Message History

Lua error: /dgldir/rcfiles/crawl-git/kae.rc:525: unexpected symbol near '#' 🤖 Initializing magus.rc ...
Bad monster_list_colour key: strict_neutral Bad channel name 'pray' for runrest: 'pray:' Options error: Missing colour in message_colour setting: 'that.*feels deathly cold' Options error: Missing colour in message_colour setting: 'and you must be Full or above to equip it' Options error: Missing colour in message_colour setting: 'but rights himself reflexively soon after' Options error: Missing colour in message_colour setting: 'before it is too late' ✅ Successfully initialized magus.rc [v1.11.3] Welcome, kae the Coglin Gladiator.
It is said that the Orb of Zot exists deep within this dungeon.
Press ? for a list of commands and other information.
Found 7 gold pieces.
Found a staircase leading out of the dungeon.
Setting a skill training target for Long Blades at 14.0.
You now have 7 gold pieces.
You open the gate.
There is an open gate here.
A jackal comes into view.
The jackal moves out of view.
No target in view!
No target in view!
A jackal is nearby!
You barely miss the jackal with your +0 dagger.
You closely miss the jackal with your +0 long sword.
The jackal bites you but does no damage.
The jackal barely misses you.
You slash the jackal with your +0 long sword!
You kill the jackal!
Found a stone staircase leading down.
No target in view!
No target in view!
A jackal comes into view.
A hobgoblin comes into view.
A hobgoblin and a jackal come into view.
The hobgoblin shouts! x2; The jackal barks!
A bat comes into view.
The jackal barks!
You hit the jackal with your +0 dagger.
You closely miss the jackal with your +0 long sword.
The bat hits you. The jackal bites you. x2 😮 HP[-5]
You take 5 damage, and now have 11/16 hp.
MASSIVE DAMAGE!! (PAUSE)
The jackal bites you. The jackal attacks as it pursues you!
The jackal bites you but does no damage. 😮 HP[-1]
You take 1 damage, and now have 10/16 hp.
The bat hits you but does no damage. The jackal bites you. 😮 HP[-1]
You take 1 damage, and now have 9/16 hp.
The jackal attacks as it pursues you! The jackal bites you.
* * * LOW HITPOINT WARNING * * *
😨 HP[-2]
You take 2 damage, and now have 7/16 hp.
You slash the jackal with your +0 long sword!
You kill the jackal!
The bat barely misses you. The jackal bites you.
* * * LOW HITPOINT WARNING * * *
The bat barely misses you. The jackal bites you.
* * * LOW HITPOINT WARNING * * *
You see here a jackal corpse. 😨 HP[-1]
You take 1 damage, and now have 6/16 hp.
You slash the jackal with your +0 long sword!
You kill the jackal!
The bat barely misses you.
Unknown command.
You hit the hobgoblin with your +0 dagger.
You slash the hobgoblin with your +0 long sword!
You kill the hobgoblin!
The bat closely misses you. The bat hits you but does no damage.
You hit the hobgoblin but do no damage.
You closely miss the hobgoblin with your +0 long sword.
The bat misses you. The hobgoblin hits you.
* * * LOW HITPOINT WARNING * * *
😱 HP[-3]
You take 3 damage, and now have 3/16 hp.
The bat closely misses you.
You hit the hobgoblin but do no damage.
You hit the hobgoblin with your +0 long sword.
The bat closely misses you. The hobgoblin hits you.
You die...

Action                     || total
---------------------------++-------
  Melee: Long sword        ||     8
         Dagger            ||     5
 Armour: Leather armour    ||    14
  Dodge: Dodged            ||     8

Levels and vault maps discovered:
D:1:      dpeg_arrival_windows_large_door, layout_basic, minmay_tromino_i4

Notes
Turn   | Place    | Note
-------+----------+-------------------------------------------
     0 | D:1      | kae the Coglin Gladiator began the quest for the Orb.
     0 | D:1      | Reached XP level 1. HP: 16/16 MP: 1/1
     0 | D:1      | magus.rc [v1.11.3]
    47 | D:1      | HP: 3/16 [hobgoblin (3)]
    49 | D:1      | Slain by a hobgoblin

Vanquished Creatures
  A hobgoblin (D:1)
  3 jackals (D:1)
4 creatures vanquished.

Table legend:
 A = Non-vault XP
 B = Vault XP
 C = Vault XP percentage of total XP
 D = Non-vault monster count
 E = Vault monster count
 F = Vault count percentage of total count
                 A         B        C        D         E       F
            +---------+---------+-------+---------+---------+-------
      Total |       8 |       0 |   0.0 |       4 |       0 |   0.0
            +---------+---------+-------+---------+---------+-------
        D:1 |       8 |       0 |   0.0 |       4 |       0 |   0.0
            +---------+---------+-------+---------+---------+-------

Action                     || total
---------------------------++-------
  Melee: Long sword        ||     8
         Dagger            ||     5
 Armour: Leather armour    ||    14
  Dodge: Dodged            ||     8

Illustrated notes

Table legend:
 A = Kills in this place as a percentage of kills in the entire game.
 B = Kills by you in this place as a percentage of kills by you in the entire game.
 C = Kills by friends in this place as a percentage of kills by friends in the entire game.
 D = Other kills in this place as a percentage of other kills in the entire game.
 E = Experience gained in this place as a percentage of experience gained in the entire game.
 F = Experience gained in this place divided by the number of levels of this place that you have seen.
                   A       B       C       D       E      F
               +-------+-------+-------+-------+-------+----------------------
         Total | 100.0 | 100.0 |   N/A |   N/A | 100.0 |   8.0
       Dungeon | 100.0 | 100.0 |   N/A |   N/A | 100.0 |   8.0
               +-------+-------+-------+-------+-------+----------------------

Table legend: (Time is in decaauts)
 A = Elapsed time spent in this place.
 B = Non-inter-level travel time spent in this place.
 C = Inter-level travel time spent in this place.
 D = Time resting spent in this place.
 E = Time spent auto-exploring this place.
 F = Levels seen in this place.
 G = Mean time per level.
                   A        B        C        D        E       F      G
               +--------+--------+--------+--------+--------+-----+--------+
         Total |     49 |     49 |      0 |      0 |     28 |   1 |   49.0 |
       Dungeon |     49 |     49 |      0 |      0 |     28 |   1 |   49.0 |
               +--------+--------+--------+--------+--------+-----+--------+

Top non-repeatable levels by time:
     D:1: 49 daAuts
